 Dungeon Crawl Stone Soup version 0.30-a0-776-g08fbeb92c1 (webtiles) character file.

Game seed: 16565427605004204239

4 Frostiness the Grave Robber (level 1, -4/14 HPs)
             Began as a Demigod Necromancer on Feb 13, 2023.
             Succumbed to their own poison gas
             ... on level 1 of the Dungeon.
             The game lasted 00:05:16 (187 turns).

Frostiness the Grave Robber (Demigod Necromancer)    Turns: 187, Time: 00:05:17

Health: -4/14      AC:  5    Str:  9    XL:     1   Next: 46%
Magic:  5/5        EV: 10    Int: 17    God:
Gold:   12         SH:  0    Dex: 14    Spells: 2/3 levels left

rFire   . . .      SeeInvis .    g - +0 whip
rCold   . . .      Faith    .    (no shield)
rNeg    . . .      Spirit   .    d - +0 ring mail
rPois   .          Reflect  .    (no helmet)
rElec   .          Harm     .    (no cloak)
rCorr   .          Rampage  .    (no gloves)
Will    .....                    (no boots)
Stlth   +                        (no amulet)
HPRegen 0.22/turn                (no ring)
MPRegen 0.09/turn                (no ring)

@: lethally poisoned (-4 -> -38)
A: high MP 1, forlorn, divine attributes
a: no special abilities


You were on level 1 of the Dungeon.
You visited 1 branch of the dungeon, and saw 1 of its levels.

You collected 12 gold pieces.

Inventory:

Hand Weapons
 c - a +0 trident
 g - a +0 whip (weapon)
 i - a +0 club
Missiles
 e - 11 stones
Armour
 a - a +0 robe
 d - a +0 ring mail (worn)
 f - a +0 robe
Potions
 b - a potion of magic
 h - a potion of haste {unknown}


   Skills:
 + Level 1.8 Dodging
 + Level 1.7 Stealth
 + Level 1.7 Spellcasting
 + Level 3.8 Necromancy


You had 2 spell levels left.
You knew the following spells:

 Your Spells              Type           Power      Damage    Failure   Level
a - Necrotise             Necr           56%        1d6       12%         1

Your spell library contained the following spells:

 Spells                   Type           Power      Damage    Failure   Level
 Vampiric Draining        Necr           14%        2d7       34%         3
 Animate Dead             Necr           14%        N/A       75%         4
 Agony                    Necr           14%        N/A       97%         5


Dungeon Overview and Level Annotations

Branches:
Dungeon (1/15)


Innate Abilities, Weirdness & Mutations

You have an increased reservoir of magic. (+10% MP)
You shall have no god before yourself.
Your divine heritage dramatically boosts your attributes as you level up.


Message History

g - Guard the area. f - Follow me.
Anything else - Cancel.
Follow me!
The air fills with toxic fumes!
As you read the scroll labelled OKHLUF RIAGG, it crumbles to dust.
It was a scroll of poison.
Really walk into that cloud of poison gas? [Y]es or [N]o only, please.
Really walk into that cloud of poison gas?
Okay, then.
Okay, then.
g - a +0 whip (weapon)
Unknown command.
Unknown command.
You can't see any susceptible monsters within range! (Use Z to cast anyway.) Partly explored, can't reach some places.
Really walk into that cloud of poison gas? [Y]es or [N]o only, please.
Really walk into that cloud of poison gas?
Okay, then.
Really walk into that cloud of poison gas?
Okay, then.
Really walk into that cloud of poison gas? [Y]es or [N]o only, please.
Really walk into that cloud of poison gas?
Okay, then.
Welcome back, Frostiness the Demigod Necromancer.
Press ? for a list of commands and other information.
Really walk into that cloud of poison gas?
Uppercase [Y]es or [N]o only, please.
Really walk into that cloud of poison gas?
You are engulfed in poison gas.
You are lethally poisoned!
You feel very sick.
You are engulfed in poison gas.
You are more poisoned.
Ouch! That really hurt!
* * * LOW HITPOINT WARNING * * *
Ouch! That really hurt!
You die...

§§§# #§§# #§§# ##§§#
##§§§## #§§§§§##### ###
#§§.§§§§§§§ ..# #
#§Z§§§##### #.#
###.###§@§## #.#
......§§§#########.#
###..§§§§§.........#
###############..######
#.......# #.#####.# #.#
#.. #.####### #........


You could see a friendly ball python skeleton.

Vanquished Creatures
  A goblin (D:1)
  A hobgoblin (D:1)
  A ball python (D:1)
  A bat (D:1)
  A kobold (D:1)
5 creatures vanquished.

Notes
Turn   | Place    | Note
-------+----------+-------------------------------------------
     0 | D:1      | Frostiness the Demigod Necromancer began the quest for the
                  | Orb.
     0 | D:1      | Reached XP level 1. HP: 14/14 MP: 5/5
   187 | D:1      | Succumbed to their own poison gas

Illustrated notes

Levels and vault maps discovered:
D:1:      nzn_arrival_crosshair, layout_loops_ring, skrybe_limestone_x,
          minmay_small_reverse_x

Action                     || total
---------------------------++-------
  Melee: Trident           ||     6
   Cast: Necrotise         ||     9
    Use: Scroll            ||     1
 Armour: Robe              ||     1
  Dodge: Dodged            ||     6

Table legend: (Time is in decaauts)
 A = Elapsed time spent in this place.
 B = Non-inter-level travel time spent in this place.
 C = Inter-level travel time spent in this place.
 D = Time resting spent in this place.
 E = Time spent auto-exploring this place.
 F = Levels seen in this place.
 G = Mean time per level.
                   A        B        C        D        E       F      G
               +--------+--------+--------+--------+--------+-----+--------+
         Total |    187 |    185 |      2 |      0 |      0 |   1 |  187.0 |
       Dungeon |    187 |    185 |      2 |      0 |      0 |   1 |  187.0 |
               +--------+--------+--------+--------+--------+-----+--------+

Top non-repeatable levels by time:
     D:1: 187 daAuts
